| TOP OF THE 1ST |
|
Fort Wayne TinCaps batting - Pitching for South Bend Cubs : RHP Scott Hanson
|
|
Pitching: RHP Scott Hanson
|
|
|
Batting: RHB Cesar Ortega
|
0-0: Called Strike 0-1: Ball 1-1: Ball 2-1: Foul Ball, location: 2F 2-2: Foul Ball, location: 2F 2-2: Foul Ball, location: 2F 2-2: Fly out, F7 (Flyball, 7LSF, EV 90.6 MPH)
|
|
Batting: RHB John Freeman
|
0-0: Called Strike 0-1: Ball 1-1: SINGLE (Groundball, 34D, EV 108.8 MPH)
|
|
Batting: RHB Jim Miske
|
0-0: Ball 1-0: Fly out, F8 (Flyball, 8LD, EV 91.2 MPH)
|
|
Batting: RHB Gary Horgan
|
0-0: Called Strike 0-1: Ball 1-1: SINGLE (Line Drive, 78S, EV 93.8 MPH) John Freeman to second
|
|
Batting: RHB Ben Welt
|
0-0: Called Strike 0-1: Ball 1-1: Foul Ball, location: 2F 1-2: Ball 2-2: Ball 3-2: DOUBLE (Line Drive, 89D, EV 105.0 MPH) John Freeman scores Gary Horgan to third Gary Horgan scores
|
|
Pitching: RHP Steve Vint
|
|
|
Pinch Runner at 2nd Tony Contreras:
|
|
|
Batting: LHB Dean Luttman
|
0-0: Swinging Strike 0-1: Ball 1-1: Fly out, F6 (Popup, 6MD, EV 69.4 MPH)
|
| Top of the 1st over - 2 runs, 3 hits, 0 errors, 1 left on base; Fort Wayne 2 - South Bend 0 |
| BOTTOM OF THE 1ST |
|
South Bend Cubs batting - Pitching for Fort Wayne TinCaps : RHP Derek Ziolkowski
|
|
Pitching: RHP Derek Ziolkowski
|
|
|
Now in LF: Steve Clark
|
|
|
Batting: RHB Dan Orozco
|
0-0: Foul Ball, location: 2F 0-1: Swinging Strike 0-2: Strikes out looking
|
|
Batting: RHB Adrian Cox
|
0-0: Ground out 3-1 (Groundball, 34S, EV 82.5 MPH)
|
|
Batting: RHB Mike Stein
|
0-0: Ball 1-0: Called Strike 1-1: SINGLE (Line Drive, 8LS, EV 95.6 MPH)
|
|
Batting: RHB David Bousfield
|
0-0: Called Strike 0-1: Ball 1-1: Foul Ball, location: 2F 1-2: Foul Ball, location: 2F 1-2: Ball 2-2: Foul Ball, location: 2F 2-2: Ball 3-2: Strikes out swinging
|
| Bottom of the 1st over - 0 runs, 1 hit, 0 errors, 1 left on base; Fort Wayne 2 - South Bend 0 |
| TOP OF THE 2ND |
|
Fort Wayne TinCaps batting - Pitching for South Bend Cubs : RHP Steve Vint
|
|
Batting: RHB Bill Vives
|
0-0: Ball 1-0: Called Strike 1-1: Fly out, F8 (Line Drive, 8RM, EV 98.8 MPH)
|
|
Batting: RHB Paul Wood
|
0-0: Ball 1-0: Swinging Strike 1-1: Ball 2-1: Called Strike 2-2: Ball 3-2: Base on Balls
|
|
Batting: RHB Slamet Pamungkas
|
0-0: Ball 1-0: Ball 2-0: Called Strike 2-1: Fielders Choice at 2nd, 6-4 (Groundball, 6, EV 81.9 MPH)
|
|
Batting: RHB Cesar Ortega
|
0-0: Swinging Strike 0-1: Ball 1-1: Foul Ball, location: 2F 1-2: Ball 2-2: Strikes out swinging
|
| Top of the 2nd over - 0 runs, 0 hits, 0 errors, 1 left on base; Fort Wayne 2 - South Bend 0 |
| BOTTOM OF THE 2ND |
|
South Bend Cubs batting - Pitching for Fort Wayne TinCaps : RHP Derek Ziolkowski
|
|
Batting: RHB Mike Hill
|
0-0: Called Strike 0-1: Ball 1-1: Foul Ball, location: 2F 1-2: Ball 2-2: Ground out 6-3 (Groundball, 6, EV 81.2 MPH)
|
|
Batting: RHB Josh Burns
|
0-0: Ball 1-0: Ball 2-0: Hit by Pitch
|
|
Batting: RHB Ryan Bush
|
0-0: Swinging Strike 0-1: Ball 1-1: Foul Ball, location: 2F 1-2: Ball 2-2: Foul Ball, location: 2F 2-2: Strikes out swinging
|
|
Batting: RHB Victor Ramirez
|
0-0: Called Strike 0-1: Ball 1-1: Foul Ball, location: 2F 1-2: Ball 2-2: Foul Ball, location: 2F 2-2: Foul Ball, location: 2F 2-2: Strikes out swinging
|
| Bottom of the 2nd over - 0 runs, 0 hits, 0 errors, 1 left on base; Fort Wayne 2 - South Bend 0 |
| TOP OF THE 3RD |
|
Fort Wayne TinCaps batting - Pitching for South Bend Cubs : RHP Steve Vint
|
|
Pitching: LHP Mike Anderson
|
|
|
Batting: RHB John Freeman
|
0-0: Foul Ball, location: 2F 0-1: Ball 1-1: Fly out, F7 (Flyball, 78S, EV 87.5 MPH)
|
|
Batting: RHB Jim Miske
|
0-0: Foul Ball, location: 2F 0-1: Foul Ball, location: 2F 0-2: Fly out, F1 (Line Drive, P, EV 73.8 MPH)
|
|
Batting: RHB Gary Horgan
|
0-0: Foul Ball, location: 2F 0-1: Foul Ball, location: 2F 0-2: Ball 1-2: Ground out 6-3 (Groundball, 6, EV 86.2 MPH)
|
| Top of the 3rd over - 0 runs, 0 hits, 0 errors, 0 left on base; Fort Wayne 2 - South Bend 0 |
| BOTTOM OF THE 3RD |
|
South Bend Cubs batting - Pitching for Fort Wayne TinCaps : RHP Derek Ziolkowski
|
|
Batting: RHB Gilberto Alvarado
|
0-0: Ball 1-0: Ball 2-0: Called Strike 2-1: Ground out U3 (Groundball, 34, EV 94.4 MPH)
|
|
Batting: RHB Dan Orozco
|
0-0: Ball 1-0: Foul Ball, location: 2F 1-1: Called Strike 1-2: Foul Ball, location: 2F 1-2: Strikes out swinging
|
|
Batting: RHB Adrian Cox
|
0-0: Ball 1-0: Ground out 6-3 (Groundball, 6, EV 90.6 MPH)
|
| Bottom of the 3rd over - 0 runs, 0 hits, 0 errors, 0 left on base; Fort Wayne 2 - South Bend 0 |
| TOP OF THE 4TH |
|
Fort Wayne TinCaps batting - Pitching for South Bend Cubs : LHP Mike Anderson
|
|
Batting: RHB Steve Clark
|
0-0: Ball 1-0: Swinging Strike 1-1: Ball 2-1: Ball 3-1: SINGLE (Flyball, 9LS, EV 91.2 MPH)
|
|
Batting: LHB Dean Luttman
|
0-0: Ball 1-0: Ball 2-0: Grounds out, U3 (Groundball, 3L, EV 101.2 MPH)
|
|
Pitching: RHP Melvin Orengo
|
|
|
Batting: RHB Bill Vives
|
0-0: Ball 1-0: Ball 2-0: Ball 3-0: Called Strike 3-1: Base on Balls
|
|
Batting: RHB Paul Wood
|
0-0: Ball 1-0: Ball 2-0: Ball 3-0: Called Strike 3-1: Base on Balls Steve Clark to third Bill Vives to second
|
|
Batting: RHB Slamet Pamungkas
|
0-0: Foul Ball, location: 2F 0-1: Ball 1-1: Ball 2-1: Swinging Strike 2-2: Strikes out looking
|
|
Batting: RHB Cesar Ortega
|
0-0: Called Strike 0-1: Ball 1-1: Ball 2-1: Swinging Strike 2-2: Foul Ball, location: 2F 2-2: Ball 3-2: Foul Ball, location: 2F 3-2: Foul Ball, location: 2F 3-2: Foul Ball, location: 2F 3-2: Strikes out swinging
|
| Top of the 4th over - 0 runs, 1 hit, 0 errors, 3 left on base; Fort Wayne 2 - South Bend 0 |
| BOTTOM OF THE 4TH |
|
South Bend Cubs batting - Pitching for Fort Wayne TinCaps : RHP Derek Ziolkowski
|
|
Batting: RHB Mike Stein
|
0-0: Called Strike 0-1: Swinging Strike 0-2: Ball 1-2: Strikes out looking
|
|
Batting: RHB David Bousfield
|
0-0: Called Strike 0-1: Ball 1-1: Ball 2-1: Ball 3-1: Foul Ball, location: 2F 3-2: Foul Ball, location: 2F 3-2: Strikes out swinging
|
|
Batting: RHB Mike Hill
|
0-0: Called Strike 0-1: Foul Ball, location: 2F 0-2: Fly out, F3 (Popup, 23F, EV 92.5 MPH)
|
| Bottom of the 4th over - 0 runs, 0 hits, 0 errors, 0 left on base; Fort Wayne 2 - South Bend 0 |
| TOP OF THE 5TH |
|
Fort Wayne TinCaps batting - Pitching for South Bend Cubs : RHP Melvin Orengo
|
|
Pitching: RHP Angel Pesina
|
|
|
Batting: RHB John Freeman
|
0-0: Ball 1-0: Ball 2-0: Ball 3-0: Base on Balls
|
|
Batting: RHB Jim Miske
|
0-0: Ball 1-0: Ball 2-0: Ball 3-0: Called Strike 3-1: Foul Ball, location: 2F 3-2: Base on Balls John Freeman to second
|
|
Batting: RHB Gary Horgan
|
0-0: Called Strike 0-1: Ball 1-1: Ball Wild Pitch! John Freeman to third Jim Miske to second 2-1: Foul Ball, location: 2F 2-2: SINGLE (Line Drive, 89S, EV 90.0 MPH) John Freeman scores Jim Miske to third Runner from 3rd tries for Home, throw by RF and OUT! 9-2 Gary Horgan to second
|
|
Batting: RHB Steve Clark
|
0-0: Called Strike 0-1: Called Strike 0-2: Ball 1-2: Foul Ball, location: 2F 1-2: Ball 2-2: Foul Ball, location: 2F 2-2: Foul Ball, location: 2F 2-2: Foul Ball, location: 2F 2-2: Fly out, F7 (Flyball, 7, EV 95.0 MPH)
|
|
Pitching: LHP Dusty Blubaugh
|
|
|
Batting: LHB Dean Luttman
|
0-0: Ball 1-0: Called Strike 1-1: Ball 2-1: Ball 3-1: Foul Ball, location: 2F 3-2: Foul Ball, location: 2F 3-2: Fly out, F8 (Flyball, 8RS, EV 93.8 MPH)
|
| Top of the 5th over - 1 run, 1 hit, 0 errors, 1 left on base; Fort Wayne 3 - South Bend 0 |
| BOTTOM OF THE 5TH |
|
South Bend Cubs batting - Pitching for Fort Wayne TinCaps : RHP Derek Ziolkowski
|
|
Batting: RHB Josh Burns
|
0-0: Swinging Strike 0-1: Ball 1-1: Ball 2-1: Foul Ball, location: 2F 2-2: Strikes out swinging
|
|
Batting: RHB Ryan Bush
|
0-0: Ball 1-0: Foul Ball, location: 2F 1-1: Ball 2-1: Foul Ball, location: 2F 2-2: Ground out 6-3 (Groundball, 56D, EV 86.9 MPH)
|
|
Batting: RHB Victor Ramirez
|
0-0: Ball 1-0: Ball 2-0: Called Strike 2-1: Ball 3-1: Called Strike 3-2: Strikes out swinging
|
| Bottom of the 5th over - 0 runs, 0 hits, 0 errors, 0 left on base; Fort Wayne 3 - South Bend 0 |
| TOP OF THE 6TH |
|
Fort Wayne TinCaps batting - Pitching for South Bend Cubs : LHP Dusty Blubaugh
|
|
Batting: RHB Bill Vives
|
0-0: Ball 1-0: Called Strike 1-1: DOUBLE (Groundball, 5L, EV 102.5 MPH)
|
|
Batting: RHB Paul Wood
|
0-0: Ball 1-0: Ball 2-0: Ball 3-0: Called Strike 3-1: SINGLE (Groundball, 6MD, EV 101.2 MPH) Bill Vives to third
|
|
Batting: RHB Slamet Pamungkas
|
0-0: Ball 1-0: Called Strike 1-1: Foul Ball, location: 2F 1-2: Foul Ball, location: 2F 1-2: Foul Ball, location: 2F 1-2: SINGLE (Groundball, 5S, EV 76.2 MPH) (infield hit) Bill Vives scores Paul Wood to second
|
|
Pitching: RHP Andrew Dopp
|
|
|
Batting: RHB Cesar Ortega
|
0-0: Hit by Pitch Paul Wood to third Slamet Pamungkas to second
|
|
Batting: RHB John Freeman
|
0-0: Ball 1-0: Called Strike 1-1: TRIPLE (Flyball, 89XD, EV 87.5 MPH) Paul Wood scores Slamet Pamungkas scores Cesar Ortega scores
|
|
Batting: RHB Jim Miske
|
0-0: Ball 1-0: Swinging Strike 1-1: Ball 2-1: Foul Ball, location: 2F 2-2: Ball 3-2: Base on Balls
|
|
Batting: RHB Gary Horgan
|
0-0: Called Strike 0-1: Ball 1-1: Ball 2-1: Foul Ball, location: 2F 2-2: Ball 3-2: Foul Ball, location: 2F 3-2: Base on Balls Jim Miske to second
|
|
Batting: RHB Steve Clark
|
0-0: Called Strike 0-1: Ball 1-1: Fielders Choice at 2nd, 5-4 (Groundball, 56S, EV 78.1 MPH) John Freeman scores Jim Miske to third
|
|
Batting: LHB Dean Luttman
|
0-0: Ball 1-0: SINGLE (Line Drive, 4D, EV 95.0 MPH) Jim Miske scores Steve Clark to second
|
|
Batting: RHB Bill Vives
|
0-0: Foul Ball, location: 2F 0-1: Ball 1-1: Swinging Strike 1-2: Foul Ball, location: 2F 1-2: SINGLE (Line Drive, 89S, EV 97.5 MPH) Steve Clark to third Dean Luttman to second
|
|
Batting: RHB Paul Wood
|
0-0: Called Strike 0-1: Foul Ball, location: 2F 0-2: Ball 1-2: Ball 2-2: Foul Ball, location: 2F 2-2: Foul Ball, location: 2F 2-2: Strikes out swinging
|
|
Batting: RHB Slamet Pamungkas
|
0-0: Fielders Choice at 2nd, 6-4 (Groundball, 6, EV 85.6 MPH)
|
| Top of the 6th over - 6 runs, 6 hits, 0 errors, 3 left on base; Fort Wayne 9 - South Bend 0 |
| BOTTOM OF THE 6TH |
|
South Bend Cubs batting - Pitching for Fort Wayne TinCaps : RHP Derek Ziolkowski
|
|
Batting: RHB Gilberto Alvarado
|
0-0: Ball 1-0: Called Strike 1-1: Ground out 3-1 (Groundball, 34, EV 81.2 MPH)
|
|
Batting: RHB Dan Orozco
|
0-0: Foul Ball, location: 2F 0-1: Foul Ball, location: 2F 0-2: Ball 1-2: Ball 2-2: Strikes out looking
|
|
Batting: RHB Adrian Cox
|
0-0: Ball 1-0: Ball 2-0: Ball 3-0: Base on Balls
|
|
Batting: RHB Mike Stein
|
0-0: Ball Adrian Cox steals 2nd, throwing error, E2 Adrian Cox to third 1-0: Ball 2-0: Ball 3-0: Called Strike 3-1: Base on Balls
|
|
Batting: RHB David Bousfield
|
0-0: Called Strike 0-1: Swinging Strike 0-2: Strikes out swinging
|
| Bottom of the 6th over - 0 runs, 0 hits, 1 error, 2 left on base; Fort Wayne 9 - South Bend 0 |
| TOP OF THE 7TH |
|
Fort Wayne TinCaps batting - Pitching for South Bend Cubs : RHP Andrew Dopp
|
|
Batting: RHB Cesar Ortega
|
0-0: Foul Ball, location: 2F 0-1: Ground out 6-3 (Groundball, 56D, EV 107.5 MPH)
|
|
Batting: RHB John Freeman
|
0-0: Foul Ball, location: 2F 0-1: Ball 1-1: Fly out, F8 (Flyball, 8LM, EV 85.6 MPH)
|
|
Batting: RHB Jim Miske
|
0-0: Ball 1-0: Called Strike 1-1: Foul Ball, location: 2F 1-2: Ball 2-2: Ball 3-2: DOUBLE (Groundball, 5L, EV 102.5 MPH)
|
|
Batting: RHB Gary Horgan
|
0-0: Foul Ball, location: 2F 0-1: Ball 1-1: Ball 2-1: DOUBLE (Groundball, 5L, EV 107.5 MPH) Jim Miske scores
|
|
Pitching: LHP Dave de Wolff
|
|
|
Batting: RHB Steve Clark
|
0-0: Called Strike 0-1: Ball 1-1: Ball 2-1: Ball 3-1: Base on Balls
|
|
Batting: LHB Dean Luttman
|
0-0: Ball 1-0: Called Strike 1-1: Foul Ball, location: 2F 1-2: Ground out U3 (Groundball, 3, EV 107.5 MPH)
|
| Top of the 7th over - 1 run, 2 hits, 0 errors, 2 left on base; Fort Wayne 10 - South Bend 0 |
| BOTTOM OF THE 7TH |
|
South Bend Cubs batting - Pitching for Fort Wayne TinCaps : RHP Derek Ziolkowski
|
|
Pitching: RHP Alberto Cuevas
|
|
|
Batting: RHB Mike Hill
|
0-0: Ball 1-0: Called Strike 1-1: Called Strike 1-2: Ball 2-2: Strikes out swinging
|
|
Batting: RHB Josh Burns
|
0-0: Ball 1-0: Foul Ball, location: 2F 1-1: Swinging Strike 1-2: Ball 2-2: Ball 3-2: Foul Ball, location: 2F 3-2: Strikes out swinging
|
|
Batting: RHB Ryan Bush
|
0-0: Ball 1-0: Called Strike 1-1: Foul Ball, location: 2F 1-2: Strikes out swinging
|
| Bottom of the 7th over - 0 runs, 0 hits, 0 errors, 0 left on base; Fort Wayne 10 - South Bend 0 |
| TOP OF THE 8TH |
|
Fort Wayne TinCaps batting - Pitching for South Bend Cubs : LHP Dave de Wolff
|
|
Batting: RHB Bill Vives
|
0-0: Ball 1-0: Ball 2-0: Fly out, F8 (Flyball, 78S, EV 90.0 MPH)
|
|
Batting: RHB Paul Wood
|
0-0: Ball 1-0: Ball 2-0: Foul Ball, location: 2F 2-1: Ball 3-1: Base on Balls
|
|
Batting: RHB Slamet Pamungkas
|
0-0: Foul Ball, location: 2F 0-1: Foul Ball, location: 2F 0-2: Ball 1-2: Ball 2-2: Ball 3-2: Base on Balls Paul Wood to second
|
|
Batting: RHB Cesar Ortega
|
0-0: Swinging Strike 0-1: Ball 1-1: Ball 2-1: Called Strike 2-2: 3-RUN HOME RUN (Line Drive, 7D, EV 111.9 MPH), Distance : 417 ft
|
|
Batting: RHB John Freeman
|
0-0: Ball 1-0: Ball 2-0: SINGLE (Groundball, 6S, EV 70.0 MPH) (infield hit)
|
|
Batting: RHB Jim Miske
|
0-0: Foul Ball, location: 2F 0-1: Called Strike 0-2: Ball 1-2: Ball 2-2: Ball 3-2: SINGLE (Groundball, 56D, EV 100.0 MPH) John Freeman to second
|
|
Batting: RHB Gary Horgan
|
0-0: Called Strike 0-1: Ball 1-1: Fly out, F7 (Flyball, 7LM, EV 95.6 MPH)
|
|
Batting: RHB Steve Clark
|
0-0: Ball 1-0: Swinging Strike 1-1: Ball 2-1: Ball 3-1: Base on Balls John Freeman to third Jim Miske to second
|
|
Batting: LHB Dean Luttman
|
0-0: SINGLE (Groundball, 4MD, EV 96.9 MPH) John Freeman scores Jim Miske to third Steve Clark to second Runner from 3rd tries for Home, SAFE, throw by CF to home
|
|
Batting: RHB Bill Vives
|
0-0: Ball 1-0: Ball 2-0: Ball 3-0: Base on Balls Steve Clark to third Dean Luttman to second
|
|
Batting: RHB Paul Wood
|
0-0: Foul Ball, location: 2F 0-1: Called Strike 0-2: Hit by Pitch Steve Clark scores Dean Luttman to third Bill Vives to second
|
|
Batting: RHB Slamet Pamungkas
|
0-0: SINGLE (Line Drive, 9S, EV 104.4 MPH) Dean Luttman scores Bill Vives to third Paul Wood to second Runner from 3rd tries for Home, SAFE, throw by RF to home
|
|
Batting: RHB Cesar Ortega
|
0-0: Foul Ball, location: 2F 0-1: Called Strike 0-2: Strikes out swinging
|
| Top of the 8th over - 8 runs, 5 hits, 0 errors, 2 left on base; Fort Wayne 18 - South Bend 0 |
| BOTTOM OF THE 8TH |
|
South Bend Cubs batting - Pitching for Fort Wayne TinCaps : RHP Alberto Cuevas
|
|
Batting: RHB Victor Ramirez
|
0-0: Ball 1-0: Foul Ball, location: 2F 1-1: Fly out, F9 (Flyball, 9, EV 87.5 MPH)
|
|
Batting: RHB Gilberto Alvarado
|
0-0: Ground out 6-3 (Groundball, P, EV 92.5 MPH)
|
|
Batting: RHB Dan Orozco
|
0-0: Ball 1-0: Foul Ball, location: 2F 1-1: Ball 2-1: Swinging Strike 2-2: Foul Ball, location: 2F 2-2: Foul Ball, location: 2F 2-2: Strikes out swinging
|
| Bottom of the 8th over - 0 runs, 0 hits, 0 errors, 0 left on base; Fort Wayne 18 - South Bend 0 |
| TOP OF THE 9TH |
|
Fort Wayne TinCaps batting - Pitching for South Bend Cubs : LHP Dave de Wolff
|
|
Batting: RHB John Freeman
|
0-0: Foul Ball, location: 2F 0-1: Foul Ball, location: 2F 0-2: Ball 1-2: Foul Ball, location: 2F 1-2: Ball 2-2: Foul Ball, location: 2F 2-2: Ball 3-2: Base on Balls
|
|
Batting: RHB Jim Miske
|
0-0: Fly out, F8 (Flyball, 89M, EV 89.4 MPH)
|
|
Batting: RHB Gary Horgan
|
0-0: Called Strike 0-1: Ball 1-1: Ball 2-1: Ball 3-1: Base on Balls John Freeman to second
|
|
Batting: RHB Steve Clark
|
0-0: SINGLE (Groundball, 6MD, EV 103.8 MPH) John Freeman to third Gary Horgan to second Runner from 3rd tries for Home, SAFE, throw by CF to home
|
|
Batting: LHB Dean Luttman
|
0-0: SINGLE (Groundball, 34D, EV 95.0 MPH) Gary Horgan to third Steve Clark to second Runner from 3rd tries for Home, SAFE, throw by RF to home
|
|
Batting: RHB Bill Vives
|
Balk! Steve Clark to third Dean Luttman to second 0-0: Ground out 6-3 (Groundball, 6S, EV 80.0 MPH) Steve Clark scores
|
|
Batting: RHB Paul Wood
|
0-0: Foul Ball, location: 2F 0-1: SINGLE (Line Drive, 89S, EV 94.4 MPH) Dean Luttman to third Runner from 3rd tries for Home, SAFE, throw by RF to home
|
|
Batting: RHB Slamet Pamungkas
|
0-0: Ball Passed Ball! Paul Wood to second 1-0: Called Strike 1-1: Foul Ball, location: 2F 1-2: Strikes out swinging
|
| Top of the 9th over - 4 runs, 3 hits, 0 errors, 1 left on base; Fort Wayne 22 - South Bend 0 |
| BOTTOM OF THE 9TH |
|
South Bend Cubs batting - Pitching for Fort Wayne TinCaps : RHP Alberto Cuevas
|
|
Batting: RHB Adrian Cox
|
0-0: Called Strike 0-1: Ground out 5-3 (Groundball, 56S, EV 78.1 MPH)
|
|
Batting: RHB Mike Stein
|
0-0: Ball 1-0: Swinging Strike 1-1: Swinging Strike 1-2: Ball 2-2: Strikes out looking
|
|
Batting: RHB David Bousfield
|
0-0: Ball 1-0: Ground out 1-3 (Groundball, P, EV 72.5 MPH)
|
| Bottom of the 9th over - 0 runs, 0 hits, 0 errors, 0 left on base; Fort Wayne 22 - South Bend 0 |
|